 Dungeon Crawl Stone Soup version 0.29-a0-892-g2c4c91d9db (webtiles) character file.

Game seed: 3185361516781452636

123 Locuples the Covert (level 4, -2/26 HPs)
             Began as a Vampire Brigand on July 22, 2022.
             Slain by a black bear (4 damage)
             ... on level 4 of the Dungeon.
             The game lasted 00:07:40 (3865 turns).

Locuples the Covert (Vampire Brigand)               Turns: 3865, Time: 00:07:40

Health: -2/26      AC:  0    Str:  7 (10) XL:     4   Next: 79%
Magic:  2/4        EV: 19    Int:  9 (13) God:
Gold:   177        SH:  0    Dex: 20 (22) Spells: 3/3 levels left

rFire   . . .      SeeInvis +   (weapon currently unavailable)
rCold   + + .      Faith    .   (shield currently unavailable)
rNeg    + + +      Spirit   .   (body armour currently unavailable)
rPois   ∞          Reflect  .   (helmet currently unavailable)
rElec   .          Harm     .   (cloak currently unavailable)
rCorr   .          Rampage  .   (gloves currently unavailable)
Will    .....                   (boots currently unavailable)
Stlth   ++++++....              (no amulet)
HPRegen 0.00/turn               (ring currently unavailable)
MPRegen 0.09/turn               (ring currently unavailable)

@: bat-form, flying, bloodless, inhibited regen, very quick
A: fast, flying, no casting, tiny, bloodless, fangs 3, see invisible, vampiric 2
a: Revivify, End Transformation


You were on level 4 of the Dungeon.
You were a vampire bat.
You visited 1 branch of the dungeon, and saw 4 of its levels.

You collected 177 gold pieces.

Inventory:

Hand Weapons
 a - a +2 dagger
 p - the +5 short sword of Jyhezam {chaos, Int+3}
   (You found it on level 3 of the Dungeon)

   Each time it hits an enemy it has a different, random effect.
   Int:       It affects your intelligence (+3).
 u - a +2 dagger of venom (melded)
Missiles
 d - 16 poisoned darts (quivered)
 e - 3 curare-tipped darts
Armour
 b - a +0 robe (melded)
 c - a +0 cloak (melded)
 j - a +0 pair of gloves (melded)
Wands
 n - a wand of flame (14)
 s - a wand of roots (8)
Scrolls
 f - a scroll of torment {unknown}
 g - 6 scrolls of identify {unknown}
 h - a scroll of vulnerability {unknown}
 i - 4 scrolls of teleportation {unknown}
 l - a scroll of enchant armour {unknown}
 q - a scroll of butterflies {unknown}
 r - 2 scrolls of amnesia {unknown}
Potions
 k - a potion of might {unknown}
 m - a potion of berserk rage {unknown}
 o - a potion of curing {unknown}
 t - a potion of brilliance {unknown}


   Skills:
 + Level 2.0 Fighting
 * Level 3.5 Short Blades
 - Level 1.5 Throwing
 + Level 1.3 Dodging
 * Level 8.2 Stealth


You had 3 spell levels left.
You didn't know any spells.
Your spell library was empty.

Dungeon Overview and Level Annotations

Branches:
Dungeon (4/15)
 Temple: D:4-7

Altars:
Hepliaklqana


Innate Abilities, Weirdness & Mutations

You are a vampire bat.
You are tiny and dextrous.
You move quickly.
You are flying.
You are immune to poison.
Your equipment is almost entirely melded.
You are incapable of wielding weapons or throwing items.
You cannot cast spells.
You do not regenerate when monsters are visible.
You are frail without blood (-20% HP).
You can heal yourself when you bite living creatures.
You are immune to poison.
You have razor-sharp teeth.
You have supernaturally acute eyesight. (SInv)
You are afflicted with vampirism and can become a bat while bloodless.


Message History

You barely miss the black bear.
The black bear is heavily wounded.
The black bear bites you.
The black bear claws you but does no damage.
The black bear barely misses you.
The black bear attacks as you move away!
The black bear barely misses you. The black bear misses you.
The black bear closely misses you.
The black bear attacks as you move away!
The black bear bites you but does no damage.
The black bear misses you. The black bear claws you.
You barely miss the ball python. The ball python misses you.
The ball python barely misses you.
The black bear attacks as you move away!
The black bear completely misses you. The black bear claws you.
The black bear closely misses you.
The black bear looks more healthy.
Okay, then.
You fail to use your ability.
The black bear bites you.
* * * LOW HITPOINT WARNING * * *
The black bear claws you.
* * * LOW HITPOINT WARNING * * *
The black bear claws you but does no damage.
The ball python closely misses you. The ball python grabs you.
The ball python constricts you.
* * * LOW HITPOINT WARNING * * *
You escape the ball python's grasp.
The ball python attacks as you move away!
The ball python bites you but does no damage.
The ball python completely misses you.
You turn into a vampire bat.
Your +2 dagger of venom melds into your body.
Your +0 cloak melds into your body.
Your +0 pair of gloves melds into your body.
Your +0 robe melds into your body.
Your +2 dagger of venom stops dripping with poison.
You feel weakened.
You feel dopey.
You feel clumsy. The black bear bites you.
* * * LOW HITPOINT WARNING * * *
The black bear claws you.
You die...

#.##.######.###. #.# #......#
#.##.........## #####'###.......
#............# #.......#.....#.
####.........# +.......+......$
#...####'#####.......#.......
#...##...............#.......
######...............#..o...#
#.......S.......#S.....#
##########......bho......#<.....#
.........'........#####+#.......#
##########........# #.#######
........... #.. ##........## #...
########## #.### #.# #.# #.#


You could see a black bear, an orc and a ball python.

Vanquished Creatures
  5 adders (D:3)
  3 worms
  3 dart slugs
  5 bats
  3 endoplasms
  2 giant cockroaches
  5 goblins
  4 hobgoblins
  2 jackals (D:1)
  11 kobolds
  3 quokkas
  12 ball pythons
  4 frilled lizards
  5 rats
67 creatures vanquished.

Vanquished Creatures (others)
  3 plants (D:3)
3 creatures vanquished.

Grand Total: 70 creatures vanquished

Notes
Turn   | Place    | Note
-------+----------+-------------------------------------------
     0 | D:1      | Locuples the Vampire Brigand began the quest for the Orb.
     0 | D:1      | Reached XP level 1. HP: 16/16 MP: 1/1
    46 | D:1      | Reached skill level 6 in Stealth
    53 | D:1      | Found a faded altar of an unknown god.
   292 | D:1      | Reached XP level 2. HP: 22/22 MP: 2/2
   580 | D:1      | Reached skill level 7 in Stealth
   812 | D:1      | Gained mutation: You are afflicted with vampirism and can
                  | become a bat while bloodless. [Vampire growth]
   812 | D:1      | Reached XP level 3. HP: 13/21 MP: 3/3
  2858 | D:3      | Reached XP level 4. HP: 6/26 MP: 4/4
  3248 | D:3      | Found a hazy altar of Hepliaklqana.
  3387 | D:3      | Reached skill level 8 in Stealth
  3430 | D:3      | Identified the +5 short sword of Jyhezam {chaos, Int+3}
  3842 | D:4      | Noticed a black bear
  3865 | D:4      | Slain by a black bear

Illustrated notes

Levels and vault maps discovered:
D:1:      ncdulo_halloftheorcs, layout_loops_corners,
          hellmonk_ecumenical_altar_leap_of_faith, minmay_quantized
D:2:      layout_basic
D:3:      layout_basic, lemuel_round_altar, minmay_shallow_snake_nest
D:4:      layout_basic, mainiacjoe_overflow_catwalk_spiral, uniq_blork_the_orc

Skill      XL: |  1  2  3  4 |
---------------+-------------+-----
Stealth        | 6 7 8 |  8.2
Fighting       | 2 |  2.0
Short Blades   | 3 |  3.5
Throwing       | |  1.5
Dodging        | |  1.3

Action                   |  1- 3 |  4- 6 || total
-------------------------+-------+-------++-------
Melee: Dagger            |   134 |    26 ||   160
       Bite              |     8 |     2 ||    10
       Short sword       |       |    12 ||    12
 Abil: Exsanguinate      |     1 |       ||     1
       Bat Form          |     1 |     1 ||     2
       End Transformatio |     1 |       ||     1
 Stab: Sleeping          |    25 |     5 ||    30
Armor: Robe              |    26 |    14 ||    40
Dodge: Dodged            |    72 |    39 ||   111

Table legend: (Time is in decaauts)
 A = Elapsed time spent in this place.
 B = Non-inter-level travel time spent in this place.
 C = Inter-level travel time spent in this place.
 D = Time resting spent in this place.
 E = Time spent auto-exploring this place.
 F = Levels seen in this place.
 G = Mean time per level.
                   A        B        C        D        E       F      G
               +--------+--------+--------+--------+--------+-----+--------+
         Total |   3830 |   3746 |     84 |    549 |   2474 |   4 |  957.5 |
       Dungeon |   3830 |   3746 |     84 |    549 |   2474 |   4 |  957.5 |
               +--------+--------+--------+--------+--------+-----+--------+

Top non-repeatable levels by time:
     D:3: 1381 daAuts
     D:2: 1151 daAuts
     D:1: 1103 daAuts
     D:4: 193 daAuts
